 Dungeon Crawl Stone Soup version 0.23.1 (webtiles) character file.

Game seed: 15264097735074422016

56 Borgoz the Sneak (level 3, -1/26 HPs)
             Began as a Ghoul Enchanter on Mar 14, 2019.
             Slain by an adder (5 damage)
             ... on level 2 of the Dungeon.
             The game lasted 00:03:47 (1977 turns).

Borgoz the Sneak (Ghoul Enchanter)                  Turns: 1977, Time: 00:03:47

Health: -1/26      AC:  2    Str: 11    XL:     3   Next: 95%
Magic:  3/4        EV: 12    Int: 10    God:
Gold:   130        SH:  0    Dex: 10    Spells: 2/5 levels left

rFire    . . .     SeeInvis .   a - +1 dagger
rCold    + . .     Gourm    .   (no shield)
rNeg     + + +     Faith    .   c - +0 robe (curse)
rPois    ∞         Spirit   .   (no helmet)
rElec    .         Reflect  .   (no cloak)
rCorr    .         Harm     .   (no gloves)
MR       .....                  (no boots)
Stlth    ++........             (no amulet)
HPRegen  0.00/turn              (no ring)
MPRegen  0.09/turn              (no ring)

@: rotting
A: rotting body, claws 1, carnivore, cold resistance 1, negative energy
resistance 3, inhibited regeneration, torment resistance, unbreathing
a: no special abilities


You were on level 2 of the Dungeon.
You were not hungry.

You visited 1 branch of the dungeon, and saw 2 of its levels.

You collected 130 gold pieces.

Inventory:

Hand Weapons
 a - a +1 dagger (weapon)
Missiles
 f - 17 poisoned needles
 n - 6 needles of sleeping
Armour
 c - a cursed +0 robe (worn)
 j - a +3 leather armour
 r - a +0 cloak
Scrolls
 b - 2 scrolls of identify {unknown}
 h - a scroll of magic mapping {unknown}
 i - 3 scrolls of amnesia {unknown}
 l - a scroll of noise {unknown}
 o - a scroll of teleportation {unknown}
 p - a scroll of remove curse {unknown}
Potions
 e - 2 potions of berserk rage {unknown}
 k - 2 potions of curing {unknown}
 m - a potion of agility {unknown}
 q - a potion of lignification {unknown}
Comestibles
 d - 2 rations
 g - 2 chunks of flesh


   Skills:
 * Level 2.1 Short Blades
 * Level 1.7 Armour
 + Level 2.3 Dodging
 - Level 3.2 Stealth
 - Level 1.7 Spellcasting
 - Level 2.4 Hexes


You had 2 spell levels left.
You knew the following spells:

 Your Spells              Type           Power        Failure   Level  Hunger
a - Corona                Hex            #......      12%         1    ##.....
b - Ensorcelled Hibernat  Hex/Ice        #.....       30%         2    ###....

Your spell library contained the following spells:

 Spells                   Type           Power        Failure   Level  Hunger
 Confuse                  Hex            #.......     34%         3    ####...
 Tukima's Dance           Hex            #.......     34%         3    ####...
 Dazzling Spray           Conj/Hex       #.....       52%         3    ####...


Dungeon Overview and Level Annotations

Branches:
Dungeon (2/15)

Altars:


Innate Abilities, Weirdness & Mutations

Your body is rotting away.
You thrive on raw meat.
You are immune to poison.
You have sharp fingernails.
You are carnivorous and can eat meat at any time.
Your flesh is cold resistant. (rC+)
You are immune to negative energy. (rN+++)
You do not regenerate when monsters are visible.
You are immune to unholy pain and torment.
You can survive without breathing.


Message History

You hit the adder.
The adder is severely wounded.
The adder bites you. The adder bites you but does no damage.
The adder bites you.
You hit the adder.
The adder is severely wounded.
The adder bites you but does no damage. The adder bites you.
You closely miss the adder.
The adder is severely wounded.
The adder bites you.
* * * LOW HITPOINT WARNING * * *
The adder bites you.
* * * LOW HITPOINT WARNING * * *
Okay, then.
Eat one of 3 chunks of flesh? (ye/n/q)
You eat one of the 3 chunks of flesh.
You feel more resilient.
This raw flesh tastes great!
The adder misses you. The adder bites you.
* * * LOW HITPOINT WARNING * * *
The adder bites you.
You die...

#)#...............#
#.................#
##.#####..........######
#.....................#
....###.........#.....#
.###.##................#
.# ........<..........#
. #..................#
............@.......#
.##........SS.......#
#...........#.....#
.........[..#.....#
..........#########
.........# ........#
....... .....


You could see 2 adders.

Vanquished Creatures
  An ooze (D:1)
  2 worms
  A dart slug (D:1)
  6 bats
  2 giant cockroaches (D:1)
  4 goblins
  5 hobgoblins
  8 jackals (D:1)
  A quokka (D:1)
  A ball python (D:2)
  3 frilled lizards (D:1)
  2 kobolds (D:2)
  4 rats (D:1)
40 creatures vanquished.

Notes
Turn   | Place    | Note
-------+----------+-------------------------------------------
     0 | D:1      | Borgoz the Ghoul Enchanter began the quest for the Orb.
     0 | D:1      | Reached XP level 1. HP: 14/14 MP: 2/2
    76 | D:1      | Reached skill level 1 in Short Blades
   349 | D:2      | Reached XP level 2. HP: 14/20 MP: 3/3
   705 | D:1      | Reached skill level 1 in Armour
   765 | D:1      | Learned a level 2 spell: Ensorcelled Hibernation
  1115 | D:1      | Reached XP level 3. HP: 22/26 MP: 4/4
  1976 | D:2      | HP: 1/25 [adder (3)]
  1977 | D:2      | Slain by an adder

Skill      XL: |  1  2  3 |
---------------+----------+-----
Short Blades   | 1 2 |  2.1
Dodging        | 2 |  2.3
Armour         | 1 |  1.7
Stealth        | |  3.2
Spellcasting   | |  1.7
Hexes          | |  2.4

Action                   || total
-------------------------++-------
Melee: Dagger            ||   190
 Cast: Ensorcelled Hiber ||     3
 Stab: Sleeping          ||     8
  Eat: Chunk             ||    19
Armor: Robe              ||    38
Dodge: Dodged            ||   108
